 Dungeon Crawl Stone Soup version 0.26-a0-818-g75db068ed4 (webtiles) character file.

Game seed: 7633678098455570777

92092 mhtbhm the Bludgeoner (level 16, -12/106 HPs)
             Began as a Gargoyle Berserker on Nov 14, 2020.
             Was the Champion of Trog.
             Shot with a bolt by a naga sharpshooter (18 damage)
             ... on level 2 of the Snake Pit.
             The game lasted 00:41:30 (22653 turns).

mhtbhm the Bludgeoner (Gargoyle Berserker)         Turns: 22653, Time: 00:41:30

Health: -12/106    AC: 25    Str: 32    XL:     16   Next: 5%
Magic:  16/16      EV:  9    Int: 16    God:    Trog [******]
Gold:   1194       SH: 17    Dex:  9    Spells: 15/15 levels left

rFire    + . .     SeeInvis .   o - +7 morningstar (vorpal)
rCold    + . .     Faith    .   c - +3 kite shield of the Lotus Blossom {Rampage rC+}
rNeg     + . .     Spirit   .   b - +0 scale mail {rF+}
rPois    ∞         Reflect  .   G - +1 hat
rElec    +         Harm     .   e - +0 cloak
rCorr    .         Rampage  +   (no gloves)
MR       +....                  C - +0 pair of boots
Stlth    +.........             j - amulet of regeneration
HPRegen  0.67/turn              g - +6 ring of strength
MPRegen  0.15/turn              J - +6 ring of intelligence

@: berserk cooldown, flying, constricted
A: big wings, negative energy resistance 1, electricity resistance, unbreathing,
petrification resistance, rot immunity, AC +12
a: Stop Flying, Berserk, Trog's Hand, Brothers in Arms, Renounce Religion


You were on level 2 of the Snake Pit.
You worshipped Trog.
Trog was exalted by your worship.
You visited 4 branches of the dungeon, and saw 22 of its levels.
You also visited: Sewer.

You collected 2231 gold pieces.
You spent 1037 gold pieces at shops.

Inventory:

Hand Weapons
 a - a +3 eveningstar of flaming
 o - a +7 vorpal morningstar (weapon)
 u - a +1 whip of holy wrath
Missiles
 A - 22 curare-tipped darts (quivered)
Armour
 b - a +0 scale mail of fire resistance (worn)
 c - the +3 kite shield of the Lotus Blossom (worn) {Rampage rC+}
   (You bought it in a shop on level 11 of the Dungeon)

   It protects you from cold.
   It bestows one free step when moving towards enemies.
 e - a +0 cloak (worn)
 C - a +0 pair of boots (worn)
 G - a +1 hat (worn)
Jewellery
 g - a +6 ring of strength (left hand)
 j - an amulet of regeneration (around neck)
 D - an uncursed ring of ice
 J - a +6 ring of intelligence (right hand)
Wands
 t - a wand of paralysis (20)
 v - a wand of iceblast (13)
 L - a wand of acid (9)
 N - a wand of disintegration (10)
Scrolls
 d - 4 scrolls of immolation
 f - 10 scrolls of remove curse
 l - 3 scrolls of fear
 q - 5 scrolls of enchant armour
 r - 2 scrolls of enchant weapon
 x - 9 scrolls of teleportation
 y - 2 scrolls of blinking
 z - 4 scrolls of magic mapping
 E - 4 scrolls of fog
 F - a scroll of holy word
 H - a scroll of summoning {unknown}
Potions
 h - 3 potions of berserk rage
 i - 3 potions of heal wounds
 k - 5 potions of mutation
 m - 4 potions of resistance
 n - a potion of invisibility
 p - 6 potions of curing
 w - a potion of cancellation
 I - a potion of flight {unknown}
 K - 2 potions of degeneration {unknown}
Miscellaneous
 M - a lightning rod (4/4)


   Skills:
 + Level 14.0 Fighting
 + Level 16.5 Maces & Flails
 + Level 12.4 Armour
 + Level 5.4 Dodging
 + Level 3.8 Stealth
 + Level 13.8 Shields
 + Level 1.9 Evocations


You had 15 spell levels left.
You didn't know any spells.
Your spell library was empty.

Dungeon Overview and Level Annotations

Branches:
Dungeon (12/15)            Temple (0/1) D:5            Lair (6/6) D:9
  Swamp (0/4) Lair:4        Snake (2/4) Lair:3        Slime (0/5) Lair:5
    Orc (2/2) D:9             Elf (0/3) Orc:2         Sewer (visited)

Altars:
Cheibriados
Hepliaklqana
Nemelex Xobeh
Okawaru
Ru
Trog
Uskayaw
Yredelemnul
Beogh

Shops:
D:4 (   D:5 (   D:6 ?}[   D:9 }   D:11 [   Orc:2 [=*[(   Snake:1 ?=


Innate Abilities, Weirdness & Mutations

You are resistant to torment.
Your stone body is resilient. (AC +12)
You are immune to poison.
Your large and strong wings let you fly indefinitely.
You resist negative energy. (rN+)
You are resistant to electric shocks. (rElec)
You can survive without breathing.
You are immune to petrification.
You are immune to rotting.


Message History

* * * LOW HITPOINT WARNING * * *
The anaconda constricts you. You block the black mamba's attack.
You block the anaconda's attack.
* * * LOW HITPOINT WARNING * * *
The anaconda constricts you.
A naga sharpshooter comes into view. It is wielding a +0 trident.
Your iron troll misses the black mamba.
Your iron troll claws the black mamba!! x2
The black mamba dies!
Trog accepts your kill.
You bludgeon the anaconda!!
The anaconda is heavily wounded.
You feel yourself speed up.
The anaconda bites you but does no damage.
The anaconda constricts you. The anaconda bites you.
* * * LOW HITPOINT WARNING * * *
x2 The anaconda constricts you.
The naga sharpshooter unwields a +0 trident.
The naga sharpshooter wields a +0 arbalest.
The naga sharpshooter shoots a bolt.
The bolt hits you!!
You die...

..................
..............#..
.............##.
≈...S.#........## ..
≈..!............## .
...[.............##N
.#### ...............
..... ...............
..... ......T@.S.....
..... .......S....... .
#. #..........#... .##
#. ##........## ##
#...#### #........$
##....... ...#.<......
###........
...#.........#..........
.. ?.#########..........
#....S.....S


You could see a naga sharpshooter, 2 anacondas and a friendly iron troll
(summoned, berserk).

Vanquished Creatures
  Jorgrun (Orc:2)
  Asterion (Snake:1)
  Roxanne (Snake:1)
  An orc warlord (Orc:2)
  Aizul (Snake:1)
  The ghost of marklar909 the Transmogrifier, a journeyman DrTm of Makhleb (Orc:2)
  Azrael (Orc:2)
  The ghost of Eryximachus the Transmogrifier, a journeyman DrTm of Ru (Lair:5)
  Josephine (Lair:5)
  4 naga warriors (Snake:1)
  A boulder beetle (D:12)
  2 anacondas (Snake:1)
  2 hydras
  2 two-headed ogres
  Erica (Lair:1)
  2 naga sharpshooters (Snake:1)
  6 death yaks (Lair:4)
  6 orc high priests
  Sonja (Lair:5)
  A spectral death yak (Lair:5)
  A fire crab (Lair:6)
  3 skeletal warriors (D:12)
  3 orc knights (Orc:2)
  A mana viper (Snake:1)
  6 orc sorcerers
  2 cyclopes
  An ugly thing (D:11)
  2 oklob plants (Lair:5)
  7 elephants
  Maurice (D:11)
  3 torpor snails
  9 black mambas
  A guardian serpent (Snake:1)
  2 naga magi (Snake:1)
  A gargoyle (D:10)
  23 cane toads
  3 rime drakes
  14 komodo dragons
  7 trolls
  3 tyrant leeches (Lair:6)
  2 polar bears
  A hornet (D:8)
  18 blink frogs
  A spectral black mamba (Lair:5)
  Sigmund (D:4)
  4 fire elementals
  3 wraiths (Lair:5)
  60 yaks
  4 basilisks
  7 wyverns
  10 vampire mosquitoes
  2 death yak simulacra (Lair:5)
  A human (D:12)
  Menkaure (D:4)
  12 nagas
  2 insubstantial wisps (Lair:5)
  2 wargs (Orc:2)
  A hydra simulacrum (Lair:5)
  11 water moccasins
  3 hell hounds (Orc:2)
  2 ice beasts
  5 sky beasts
  39 orc warriors
  A phantom (D:11)
  4 black bears
  2 necrophages
  7 ogres
  19 wolves
  A black mamba simulacrum (Lair:5)
  6 centaurs
  3 big kobolds
  31 bullfrogs
  2 scorpions
  3 wights (D:10)
  4 electric eels
  A howler monkey (D:9)
  3 bullfrog zombies
  A crimson imp (D:12)
  7 hounds
  A komodo dragon simulacrum (Lair:5)
  6 jellies
  2 centaur zombies
  21 orc priests
  37 orc wizards
  4 bullfrog skeletons
  6 iguanas
  Natasha (thrice) (D:4)
  10 worker ants
  6 hell rats (Lair:6)
  2 hound skeletons
  A worker ant zombie (D:11)
  23 adders
  A howler monkey skeleton (D:7)
  4 white imps
  An ufetubus (D:10)
  An adder skeleton (D:4)
  4 worms
  4 dart slugs
  5 leopard geckos
  72 orcs
  7 giant cockroaches
  10 goblins
  7 hobgoblins
  7 jackals
  7 quokkas
  6 ball pythons
  11 bats
  14 frilled lizards
  20 kobolds
  A leopard gecko skeleton (D:4)
  A leopard gecko zombie (D:7)
  6 rats
728 creatures vanquished.

Vanquished Creatures (collateral kills)
  2 black mambas (Snake:2)
  A komodo dragon (Lair:4)
  7 yaks (Lair:4)
  A bullfrog (Lair:4)
11 creatures vanquished.

Vanquished Creatures (others)
  A vampire mosquito (Lair:5)
  A hell hound (Orc:2)
  An orc wizard (Orc:2)
  6 orcs (Orc:2)
  38 fungi
  76 plants
123 creatures vanquished.

Grand Total: 862 creatures vanquished

Notes
Turn   | Place    | Note
-------+----------+-------------------------------------------
     0 | D:1      | mhtbhm the Gargoyle Berserker began the quest for the Orb.
     0 | D:1      | Reached XP level 1. HP: 14/14 MP: 1/1
   166 | D:1      | Reached XP level 2. HP: 17/19 MP: 2/2
   881 | D:1      | Reached XP level 3. HP: 24/24 MP: 3/3
   958 | D:1      | Reached ** piety under Trog
  1114 | D:2      | Reached skill level 1 in Stealth
  1138 | D:2      | Found an iron altar of Okawaru.
  1232 | D:2      | Found a hazy altar of Hepliaklqana.
  1357 | D:2      | Reached XP level 4. HP: 23/29 MP: 4/4
  2046 | D:3      | Reached skill level 4 in Maces & Flails
  2046 | D:3      | Reached XP level 5. HP: 31/33 MP: 5/5
  2149 | D:3      | Found a snail-covered altar of Cheibriados.
  2325 | D:3      | Reached *** piety under Trog
  2444 | D:3      | Found a sacrificial altar of Ru.
  2728 | D:4      | Reached XP level 6. HP: 39/39 MP: 6/6
  2761 | D:4      | Found Gukus's Antique Weapon Emporium.
  2801 | D:4      | Got a twisted quarterstaff
  2813 | D:4      | Reached skill level 5 in Maces & Flails
  2851 | D:4      | Identified the cursed +1 quarterstaff of Joimm {protect,
                  | MR++ Str-2 Int+5} (You found it on level 4 of the Dungeon)
  2874 | D:4      | Noticed Natasha
  2885 | D:4      | Killed Natasha
  2945 | D:4      | Noticed Menkaure
  2950 | D:4      | Killed Menkaure
  2951 | D:4      | Reached XP level 7. HP: 44/44 MP: 7/7
  3085 | D:4      | Noticed Sigmund
  3105 | D:4      | Noticed Natasha
  3154 | D:4      | Killed Natasha
  3188 | D:4      | Noticed Natasha
  3191 | D:4      | Killed Sigmund
  3191 | D:4      | Reached **** piety under Trog
  3192 | D:4      | Reached skill level 6 in Maces & Flails
  3203 | D:4      | Killed Natasha
  3552 | D:5      | Entered Level 5 of the Dungeon
  3601 | D:5      | Reached skill level 5 in Fighting
  3601 | D:5      | Reached XP level 8. HP: 49/49 MP: 8/8
  3608 | D:5      | Found a glowing drain.
  3661 | Sewer    | Entered a sewer
  3857 | Sewer    | Reached skill level 7 in Maces & Flails
  4247 | D:5      | You fall into a shaft and drop 2 floors!
  4433 | D:7      | Found a bloodstained altar of Trog.
  4445 | D:7      | Reached skill level 5 in Armour
  4591 | D:7      | Reached skill level 8 in Maces & Flails
  4620 | D:7      | Reached XP level 9. HP: 38/55 MP: 9/9
  4733 | D:7      | Found a sparkling altar of Nemelex Xobeh.
  5420 | D:6      | Found a basalt altar of Yredelemnul.
  5654 | D:6      | Reached ***** piety under Trog
  5774 | D:6      | Found Fanicw's Magic Scroll Shoppe.
  5774 | D:6      | Found Motokh's Jewellery Shoppe.
  5774 | D:6      | Found Ythuxt's Armour Shoppe.
  5788 | D:6      | Bought a scroll of teleportation for 39 gold pieces
  5788 | D:6      | Bought a scroll of blinking for 97 gold pieces
  5788 | D:6      | Bought a scroll of identify for 26 gold pieces
  5788 | D:6      | Bought a scroll of magic mapping for 45 gold pieces
  5789 | D:6      | Found Dugh's Gadget Shoppe.
  6041 | D:5      | Found a staircase to the Ecumenical Temple.
  6059 | D:5      | Found Coefyo's Weapon Emporium.
  6685 | D:8      | Reached skill level 9 in Maces & Flails
  6884 | D:8      | Noticed a hornet
  6892 | D:8      | Killed a hornet
  6999 | D:8      | Found a hide-covered altar of Uskayaw.
  7169 | D:8      | Noticed a two-headed ogre
  7190 | D:8      | Killed a two-headed ogre
  7191 | D:8      | Reached skill level 10 in Maces & Flails
  7191 | D:8      | Reached XP level 10. HP: 30/64 MP: 10/10
  7407 | D:9      | You fall into a shaft and drop 2 floors!
  7420 | D:11     | Received a gift from Trog
  7467 | D:11     | Noticed a red ugly thing
  7487 | D:11     | Killed a red ugly thing
  7578 | D:10     | Entered Level 10 of the Dungeon
  7861 | D:10     | Reached skill level 11 in Maces & Flails
  7988 | D:10     | Noticed a gargoyle
  8003 | D:10     | Killed a gargoyle
  8714 | D:11     | Reached XP level 11. HP: 68/71 MP: 11/11
  8862 | D:11     | You fall into a shaft and drop 1 floor!
  8972 | D:12     | Reached skill level 1 in Shields
  9019 | D:12     | Reached skill level 12 in Maces & Flails
  9104 | D:12     | Noticed a two-headed ogre
  9117 | D:12     | Killed a two-headed ogre
  9250 | D:12     | Noticed a cyclops
  9259 | D:12     | Killed a cyclops
  9337 | D:12     | Noticed a boulder beetle
  9370 | D:12     | Identified the cursed +1 rapier "Ifonad" {vorpal, rElec
                  | Dex+2}
  9434 | D:12     | Killed a boulder beetle
  9802 | D:12     | Noticed a skeletal warrior
  9803 | D:12     | Noticed a skeletal warrior
  9840 | D:12     | Killed a skeletal warrior
  9849 | D:12     | Killed a skeletal warrior
  9855 | D:12     | Noticed a skeletal warrior
  9910 | D:12     | Killed a skeletal warrior
 10323 | D:11     | Reached skill level 13 in Maces & Flails
 10341 | D:11     | Found Imun Nuw's Armour Emporium.
 10375 | D:11     | Bought the +3 kite shield of the Lotus Blossom {Rampage
                  | rC+} for 435 gold pieces
 10558 | D:11     | Received a gift from Trog
 10595 | D:11     | Reached XP level 12. HP: 38/77 MP: 12/12
 10604 | D:11     | Got a warped mace {god gift}
 10605 | D:11     | Identified the +3 mace of Execution {vorpal, +Fly} (Trog
                  | gifted it to you on level 11 of the Dungeon)
 10683 | D:11     | Noticed Maurice
 11014 | D:11     | Killed Maurice
 11329 | D:9      | Found a staircase to the Lair.
 11347 | D:9      | Reached skill level 10 in Fighting
 11424 | D:9      | Found a transporter.
 11518 | D:9      | Found Mymig's Gadget Emporium.
 11747 | D:9      | Found a staircase to the Orcish Mines.
 11766 | D:9      | Found a transporter.
 12229 | Lair:1   | Entered Level 1 of the Lair of Beasts
 12260 | Lair:1   | Reached skill level 5 in Shields
 12365 | Lair:1   | Noticed Erica
 12375 | Lair:1   | Killed Erica
 12376 | Lair:1   | Reached skill level 10 in Armour
 13362 | Lair:2   | Reached skill level 14 in Maces & Flails
 13737 | Lair:2   | Noticed a five-headed hydra
 13747 | Lair:2   | Killed a five-headed hydra
 13748 | Lair:2   | Reached XP level 13. HP: 84/84 MP: 13/13
 13992 | Lair:3   | Received a gift from Trog
 14207 | Lair:3   | Found a staircase to the Snake Pit.
 14563 | Lair:3   | Found a snail-covered altar of Cheibriados.
 15351 | Lair:4   | Found a staircase to the Swamp.
 15570 | Lair:4   | Reached skill level 10 in Shields
 15677 | Lair:4   | Received a gift from Trog
 16026 | Lair:5   | Found a runed translucent gate.
 16026 | Lair:5   | Found a runed translucent gate.
 16026 | Lair:5   | Found a runed translucent gate.
 16031 | Lair:5   | Noticed Eryximachus's ghost (journeyman DrTm)
 16106 | Lair:5   | Killed Eryximachus's ghost
 16133 | Lair:5   | Gained mutation: Your large and strong wings let you fly
                  | indefinitely. [Gargoyle growth]
 16133 | Lair:5   | Reached XP level 14. HP: 70/91 MP: 14/14
 16177 | Lair:5   | Noticed Sonja
 16186 | Lair:5   | Killed Sonja
 16331 | Lair:5   | Noticed Josephine
 16340 | Lair:5   | Killed Josephine
 16550 | Lair:5   | Found a staircase to the Slime Pits.
 17106 | Lair:6   | Entered Level 6 of the Lair of Beasts
 17117 | Lair:6   | Reached skill level 15 in Maces & Flails
 17209 | Lair:6   | Reached skill level 1 in Evocations
 17257 | Lair:6   | Reached ****** piety under Trog
 17472 | Lair:6   | Received a gift from Trog
 17669 | Lair:6   | Reached skill level 5 in Dodging
 18981 | Orc:1    | Entered Level 1 of the Orcish Mines
 19030 | Orc:1    | Reached XP level 15. HP: 91/98 MP: 15/15
 19197 | Orc:2    | Entered Level 2 of the Orcish Mines
 19197 | Orc:2    | Noticed Jorgrun
 19209 | Orc:2    | Killed Jorgrun
 19236 | Orc:2    | Noticed Azrael
 19416 | Orc:2    | Received a gift from Trog
 19475 | Orc:2    | Noticed an orc warlord
 19869 | Orc:2    | Killed Azrael
 19870 | Orc:2    | Reached skill level 16 in Maces & Flails
 20031 | Orc:2    | Found Enypt's Armour Shoppe.
 20104 | Orc:2    | Killed an orc warlord
 20300 | Orc:2    | Received a gift from Trog
 20300 | Orc:2    | Paralysed by an orc sorcerer for 2 turns
 20647 | Orc:2    | Found Jypnig's General Store.
 20648 | Orc:2    | Found Plog's Jewellery Shoppe.
 20649 | Orc:2    | Found Jeres's Antique Armour Shoppe.
 20649 | Orc:2    | Found Ciumpa's Antique Weapon Emporium.
 20663 | Orc:2    | Bought a scroll of identify for 22 gold pieces
 21010 | Orc:2    | Found a roughly hewn altar of Beogh.
 21039 | Orc:2    | Found a staircase to the Elven Halls.
 21074 | Orc:2    | Found a large runed translucent door.
 21075 | Orc:2    | Found a large runed translucent door.
 21084 | Orc:2    | Noticed marklar909's ghost (journeyman DrTm)
 21106 | Orc:2    | Killed marklar909's ghost
 21702 | Snake:1  | Entered Level 1 of the Snake Pit
 21702 | Snake:1  | Found Utuklur's Magic Scroll Boutique.
 21702 | Snake:1  | Found a hide-covered altar of Uskayaw.
 21709 | Snake:1  | Bought a scroll of enchant weapon for 112 gold pieces
 21709 | Snake:1  | Bought a scroll of teleportation for 45 gold pieces
 21709 | Snake:1  | Bought a scroll of enchant armour for 112 gold pieces
 21709 | Snake:1  | Bought a scroll of fear for 52 gold pieces
 21709 | Snake:1  | Bought a scroll of immolation for 52 gold pieces
 21812 | Snake:1  | Noticed Aizul
 21817 | Snake:1  | Received a gift from Trog
 21829 | Snake:1  | Killed Aizul
 21975 | Snake:1  | Found Afathrejy's Jewellery Shop.
 22073 | Snake:1  | Noticed Roxanne
 22111 | Snake:1  | Noticed Asterion
 22115 | Snake:1  | Noticed an Executioner
 22134 | Snake:1  | Killed Asterion
 22308 | Snake:1  | Killed Roxanne
 22309 | Snake:1  | Reached XP level 16. HP: 105/105 MP: 16/16
 22653 | Snake:2  | Shot with a bolt by a naga sharpshooter

Illustrated notes

Levels and vault maps discovered:
D:1:      dpeg_arrival_subterranean_lakeside_camping, layout_loops_ring
D:2:      layout_basic, okawaru_gym_becter, lemuel_tele_altar
D:3:      layout_basic, kennysheep_slug_shrine, grunt_ministairs_11,
          ebering_dispersal_statue_hall, nicolae_ru_the_path_less_chosen
D:4:      layout_loops_cross, serial_shops, shop, uniq_sigmund, uniq_natasha,
          uniq_menkaure
D:5:      layout_rooms, minmay_temple_entry_wispy,
          cheibrodos_sewer_entry_sluice, serial_shops, nicolae_shop_waterfront
D:6:      layout_basic, yredelemnul_altar_generic, minmay_shop_grid_forest
D:7:      layout_loops_ring, nemelex_xobeh_ov_fountains_minmay,
          trog_ov_bears_minmay, roderic_serpentine_path, st_stairs_7
D:8:      layout_loops_ring, marbit_many_paths
D:9:      gammafunk_steamed_eel, layout_loops_ring, david_lair_shrubbed,
          orc_0_dummy, serial_shops, kennysheep_mini_moat
D:10:     layout_stronghold, due_unseen_surprise
D:11:     layout_irregular_city, serial_column_ruins, column_ruins_square_small,
          column_ruins_hut_pillars, column_ruins_corridor_straight,
          column_ruins_open_medium, column_ruins_open_tiny,
          column_ruins_open_tiny, column_ruins_corridor_straight,
          column_ruins_grid_3, column_ruins_grid_3, serial_shops,
          nicolae_shop_waterfront, uniq_maurice
D:12:     layout_loops_ring, hangedman_stone_soup, roderic_lattice_a
Lair:1:   layout_hall_layers, uniq_erica
Lair:2:   layout_cave_pods, st_stairs_8
Lair:3:   layout_gridlike, minmay_snake_entry_six_corridors, basic_altar
Lair:4:   layout_cave_pods, swamp_mist_pool
Lair:5:   layout_small_grid, minmay_slime_entry_oklob_open,
          gammafunk_ghost_necromancy, pond, uniq_josephine, uniq_sonja
Lair:6:   minmay_lair_end_frog_pond, layout_loops_ring
Snake:1:  layout_onion, basic_altar, serial_shops, nicolae_shop_trees, shop,
          uniq_roxanne, uniq_asterion, uniq_aizul
Snake:2:  layout_grid_shapes, serial_shops,
          nicolae_shop_competitors_out_of_business, serial_bayou_shore_a
Orc:1:    cheibrodos_orc_guarddog, layout_caves
Orc:2:    st_orc_congregation, layout_caves, serial_shops, shop,
          ebering_ghost_disaster_area, minmay_orc_temple_a, uniq_jorgrun,
          uniq_azrael

Skill      XL: |  1  2  3  4  5  6  7  8  9 10 11 12 13 14 15 16 |
---------------+-------------------------------------------------+-----
Dodging        | 2 3 4 5 |  5.4
Stealth        | 1 2 3 |  3.8
Fighting       | 4 5 8 9 11 13 14 | 14.0
Maces & Flails | 4 5 6 8 10 11 13 14 15 16 | 16.5
Armour         | 3 4 5 7 9 10 11 12 | 12.4
Shields        | 4 7 11 12 13 | 13.8
Evocations     | 1 |  1.9

Action                   |  1- 3 |  4- 6 |  7- 9 | 10-12 | 13-15 | 16-18 || total
-------------------------+-------+-------+-------+-------+-------+-------++-------
Melee: Mace              |   120 |    72 |   318 |  1114 |   377 |       ||  2001
       Whip              |       |   135 |   190 |       |       |       ||   325
       Eveningstar       |       |       |       |       |   739 |       ||   739
       Morningstar       |       |       |       |       |   158 |    19 ||   177
Invok: Berserk           |     1 |     2 |     6 |    18 |    18 |     1 ||    46
       Brothers in Arms  |       |       |       |       |     1 |     1 ||     2
 Abil: Fly               |       |       |       |       |     1 |       ||     1
Evoke: Wand              |       |       |       |     2 |    17 |     2 ||    21
       Lightning rod     |       |       |       |       |     5 |       ||     5
  Use: Scroll            |       |     9 |     6 |     7 |     9 |     6 ||    37
       Potion            |       |       |       |       |     3 |     2 ||     5
 Stab: Sleeping          |     1 |     1 |       |       |       |       ||     2
       Invisible         |       |       |       |       |     3 |       ||     3
Armor: Animal skin       |    59 |    13 |       |       |       |       ||    72
       Ring mail         |       |    72 |    28 |       |       |       ||   100
       Plate armour      |       |       |   333 |   534 |   491 |       ||  1358
       Scale mail        |       |       |       |       |    71 |    42 ||   113
Dodge: Dodged            |    97 |   111 |   226 |   296 |   348 |    28 ||  1106
Block: Buckler           |       |       |       |   100 |       |       ||   100
       Kite shield       |       |       |       |   294 |  1029 |    55 ||  1378

Table legend: (Time is in decaauts)
 A = Elapsed time spent in this place.
 B = Non-inter-level travel time spent in this place.
 C = Inter-level travel time spent in this place.
 D = Time resting spent in this place.
 E = Time spent auto-exploring this place.
 F = Levels seen in this place.
 G = Mean time per level.
                   A        B        C        D        E       F      G
               +--------+--------+--------+--------+--------+-----+--------+
         Total |  22665 |  22177 |    488 |   2599 |  11975 |  23 |  985.4 |
       Dungeon |  12450 |  12156 |    294 |   1039 |   6960 |  12 | 1037.5 |
          Lair |   6211 |   6017 |    194 |    468 |   3718 |   6 | 1035.2 |
     Snake Pit |    948 |    948 |      0 |    371 |    240 |   2 |  474.0 |
  Orcish Mines |   2388 |   2388 |      0 |    719 |    767 |   2 | 1194.0 |
         Sewer |    664 |    664 |      0 |      0 |    290 |   1 |  664.0 |
               +--------+--------+--------+--------+--------+-----+--------+

Top non-repeatable levels by time:
    D:10: 1478 daAuts
    D:12: 1423 daAuts
   Orc:2: 1398 daAuts
  Lair:2: 1324 daAuts
    D:11: 1304 daAuts
     D:1: 1138 daAuts
  Lair:4: 1126 daAuts
  Lair:5: 1121 daAuts
     D:9: 1115 daAuts
  Lair:3: 1062 daAuts
  Lair:6: 1043 daAuts
     D:6: 1038 daAuts
   Orc:1: 990 daAuts
     D:4: 967 daAuts
     D:8: 938 daAuts
